 Dungeon Sprint DCSS version 0.30.1-11-g7821555f0a (webtiles) character file.

Game seed: 17430041097358080566

267 Heoruswealwe the Spear-Bearer (level 6, 0/61 HPs)
             Began as a Minotaur Fighter on Oct 31, 2023.
             Slain by a vampire mosquito (5 damage)
             ... in the Dungeon (Sprint IX: "|||||||||||||||||||||||||||||").
             The game lasted 00:01:02 (125 turns).

Heoruswealwe the Spear-Bearer (Minotaur Fighter)     Turns: 125, Time: 00:01:02

Health: 0/61       AC:  8    Str: 22    XL:     6   Next: 0%
Magic:  5/5        EV:  9    Int:  5    God:
Gold:   0          SH:  4    Dex: 10    Spells: 5/5 levels left

rFire   . . .        a - +0 trident
rCold   . . .        d - +0 buckler
rNeg    . . .        c - +0 scale mail
rPois   .            (helmet restricted)
rElec   .            (no cloak)
rCorr   .            (no gloves)
SInv    .            (no boots)
Will    .....        (no amulet) Stlth
                     (no ring)
HPRegen 0.30/turn    (no ring)
MPRegen 0.09/turn

%: no teleportation
@: no status effects
A: horns 2, retaliatory headbutt
a: no special abilities


You were in the Dungeon.
You visited 1 branch

Inventory:

Hand Weapons
 a - a +0 trident (weapon)
Armour
 c - a +0 scale mail (worn)
 d - a +0 buckler (worn)
Jewellery
 m - a +2 ring of protection
 n - a +3 ring of strength
Wands
 l - a wand of acid (10)
Scrolls
 j - 2 scrolls of blinking
 k - 2 scrolls of amnesia
Potions
 b - a potion of might
 e - a potion of invisibility
 f - 2 potions of heal wounds
 g - a potion of haste
 h - 4 potions of curing
 i - a potion of berserk rage


   Skills:
 + Level 8.3 Fighting
 * Level 10.8 Polearms
 + Level 8.3 Armour
 - Level 3.6 Shields


You had 5 spell levels left.
You didn't know any spells.
Your spell library was empty.

Dungeon Overview and Level Annotations

Branches:
Dungeon (1/1)

Altars:
Cheibriados
Dithmenos
Elyvilon
Fedhas
Gozag
Hepliaklqana
Kikubaaqudgha
Makhleb
Nemelex Xobeh
Okawaru
Qazlal
Ru
Sif Muna
Trog
Uskayaw
Vehumet
Wu Jian
Xom
Yredelemnul
Zin
The Shining One
Jiyva
Lugonu


Innate Abilities, Weirdness & Mutations

You have a pair of horns on your head.
You reflexively headbutt those who attack you in melee.


Message History

The yak gores you!
You puncture the yak! You headbutt the yak.
The yak is almost dead.
The yak gores you but does no damage.
You barely miss the yak.
The yak is almost dead.
The yak gores you!
You puncture the yak!
You kill the yak!
The vampire mosquito bites you but does no damage.
Your Fighting skill gained 2 levels and is now at level 8!
Your Polearms skill gained 2 levels and is now at level 10!
Your Armour skill gained 2 levels and is now at level 8!
You have reached level 5!
You have reached level 6!
You puncture the vampire mosquito!
The vampire mosquito is moderately damaged.
The vampire mosquito bites you!
* * * LOW HITPOINT WARNING * * *
The vampire mosquito draws strength from your injuries!
You closely miss the vampire mosquito.
The vampire mosquito is moderately damaged.
The vampire mosquito bites you.
* * * LOW HITPOINT WARNING * * *
The vampire mosquito draws strength from your injuries!
The vampire mosquito bites you.
* * * LOW HITPOINT WARNING * * *
The vampire mosquito draws strength from your injuries!
You miss the vampire mosquito. You headbutt the vampire mosquito!
The vampire mosquito is moderately damaged.
The vampire mosquito bites you.
* * * LOW HITPOINT WARNING * * *
The vampire mosquito draws strength from your injuries!
You miss the vampire mosquito.
The vampire mosquito is lightly damaged.
You block the vampire mosquito's attack.
You miss the vampire mosquito.
The vampire mosquito is lightly damaged.
The vampire mosquito bites you.
You die...

▓.▓
▓.▓
▓o▓
▓O▓
▓9▓
▓Y▓
▓y▓
▓@▓
▓.▓
▓[▓
▓[▓
▓[▓
▓.▓
▓)▓
▓.▓
▓!▓


You could see a two-headed ogre, a yak, an orc warrior, a vampire mosquito and a
gargoyle.

Vanquished Creatures
  A yak (D)
  A scorpion (D)
  A hound (D)
  An adder (D)
  An ufetubus (D)
  A dart slug (D)
  An orc (D)
  A goblin (D)
  A hobgoblin (D)
  2 bats (D)
11 creatures vanquished.

Notes
Turn   | Place    | Note
-------+----------+-------------------------------------------
     0 | D        | Heoruswealwe the Minotaur Fighter began the quest for the
                  | Orb.
     0 | D        | Reached XP level 1. HP: 19/19 MP: 0/0
     6 | D        | Reached skill level 3 in Polearms
    18 | D        | Reached skill level 4 in Polearms
    27 | D        | Noticed a hound
    27 | D        | Noticed a scorpion
    34 | D        | Reached XP level 2. HP: 19/28 MP: 1/1
    43 | D        | Killed a scorpion
    44 | D        | Reached skill level 7 in Polearms
    44 | D        | Reached XP level 3. HP: 26/37 MP: 2/2
    44 | D        | Reached XP level 4. HP: 31/44 MP: 3/3
    48 | D        | Reached skill level 8 in Polearms
    67 | D        | Found a snail-covered altar of Cheibriados.
    67 | D        | Found a shadowy altar of Dithmenos.
    67 | D        | Found a white marble altar of Elyvilon.
    67 | D        | Found a blossoming altar of Fedhas.
    67 | D        | Found an opulent altar of Gozag.
    68 | D        | Found a hazy altar of Hepliaklqana.
    69 | D        | Found a viscous altar of Jiyva.
    70 | D        | Found an ancient bone altar of Kikubaaqudgha.
    71 | D        | Found a corrupted altar of Lugonu.
    72 | D        | Found a burning altar of Makhleb.
    73 | D        | Found a sparkling altar of Nemelex Xobeh.
    74 | D        | Found an iron altar of Okawaru.
    75 | D        | Found a stormy altar of Qazlal.
    76 | D        | Found a sacrificial altar of Ru.
    77 | D        | Found a shimmering blue altar of Sif Muna.
    78 | D        | Found a bloodstained altar of Trog.
    79 | D        | Found a hide-covered altar of Uskayaw.
    80 | D        | Found a radiant altar of Vehumet.
    81 | D        | Found an ornate altar of the Wu Jian Council.
    82 | D        | Found a shimmering altar of Xom.
    83 | D        | Found a basalt altar of Yredelemnul.
    84 | D        | Found a glowing silver altar of Zin.
    85 | D        | Found a glowing golden altar of the Shining One.
   109 | D        | Noticed an orc warrior
   109 | D        | Noticed a two-headed ogre
   109 | D        | Noticed a gargoyle
   109 | D        | Noticed a yak
   109 | D        | Noticed a vampire mosquito
   109 | D        | Noticed a yak
   120 | D        | Killed a yak
   121 | D        | Reached skill level 10 in Polearms
   121 | D        | Reached XP level 5. HP: 23/53 MP: 4/4
   121 | D        | Reached XP level 6. HP: 26/61 MP: 5/5
   125 | D        | Slain by a vampire mosquito

Illustrated notes

Levels and vault maps discovered:
D:        linesprint [early_d, line_temple, items_1, d_10, items_2, lair_1,
          lair_end, items_3, orc_1, orc_end, items_4, d_15, swamp_1, shoals_1,
          snake_1, spider_1, d_20, vaults_1, items_5, swamp_end, shoals_end,
          snake_end, spider_end, vaults_end, d_27, items_6, zot_1, zot_end,
          crypt_end, forest_end, elf_end, slime_end, tomb_end, abyss_end,
          pan_hell_end]

Skill      XL: |  1  2  3  4 |
---------------+-------------+-----
Polearms       | 4 7 10 | 10.8
Fighting       | 4 6 8 |  8.3
Armour         | 4 6 8 |  8.3
Shields        | |  3.6

Action                     |  1- 3 |  4- 6 || total
---------------------------+-------+-------++-------
  Melee: Trident           |    24 |    29 ||    53
         Headbutt          |     3 |     6 ||     9
    Use: Potion            |     2 |       ||     2
 Armour: Scale mail        |    12 |     9 ||    21
  Dodge: Dodged            |    14 |     6 ||    20
  Block: Buckler           |     4 |     3 ||     7
